 Dungeon Crawl Stone Soup version 0.30.0-29-ga12c61a403 (webtiles) character file.

Game seed: 8836944064772985965

86 qw the Chopper (level 4, -6/28 HPs)
             Began as a Gargoyle Fighter on June 3, 2023.
             Mangled by a gnoll
             ... wielding a +2 flail of holy wrath
              (10 damage)
             ... on level 3 of the Dungeon.
             The game lasted 00:00:47 (1878 turns).

qw the Chopper (Gargoyle Fighter)                   Turns: 1878, Time: 00:00:48

Health: -6/28      AC: 11    Str: 21 (22) XL:     4   Next: 50%
Magic:  4/4        EV:  9    Int:  8      God:
Gold:   91         SH:  4    Dex:  7 (9)  Spells: 3/3 levels left

rFire   . . .        Y - +0 war axe
rCold   . . .        c - +0 buckler
rNeg    + . .        b - +0 scale mail
rPois   inf          (no helmet)
rElec   +            (no cloak)
rCorr   .            (no gloves)
SInv    .            j - +0 pair of boots
Will    .....        (no amulet) Stlth
                     (no ring)
HPRegen 0.24/turn    (no ring)
MPRegen 0.09/turn

%: no passive effects
@: about to teleport
A: sickness immunity, AC +3, negative energy resistance 1, electricity
resistance, torment resistance 1, petrification resistance
a: no special abilities


You were on level 3 of the Dungeon.
You visited 1 branch of the dungeon, and saw 3 of its levels.

You collected 91 gold pieces.


Innate Abilities, Weirdness & Mutations

You are immune to sickness and miasma.
Your stone body is resilient. (AC +3)
You are immune to poison.
You resist negative energy. (rN+)
You are resistant to electric shocks. (rElec)
You are resistant to unholy torment.
You are immune to petrification.


   Skills:
 - Level 3.2 Fighting
 + Level 4.2 Axes
 - Level 3.2 Armour
 - Level 3.2 Shields


You had 3 spell levels left.
You didn't know any spells.
Your spell library was empty.

Inventory:

Hand Weapons
 h - a +0 whip
 Y - a +0 war axe (weapon)
Armour
 b - a +0 scale mail (worn)
 c - a +0 buckler (worn)
 j - a +0 pair of boots (worn)
Scrolls
 f - a scroll of identify
Potions
 d - 2 potions of might
 i - a potion of haste {unknown}

Dungeon Overview and Level Annotations

Branches:
Dungeon (3/15)

Altars:

Shops:
D:2 =


Message History

You see here 6 poisoned darts.
A rat comes into view.
You hit the rat but do no damage.
The rat bites you but does no damage. x2
You barely miss the rat. You block the rat's attack.
You hit the rat.
You kill the rat!
Found a faded altar of an unknown god. 2 gnolls come into view.
A gnoll is wielding a +2 flail of holy wrath.
The gnoll shouts!
You hear a shout! x2
1870 ||| Stepping ~*~*~tactically~*~*~ (hiding).
1872 ||| Stepping ~*~*~tactically~*~*~ (hiding).
A gnoll comes into view. It is wielding a +0 spear.
You block the gnoll's attack.
You hit the gnoll.
The gnoll is lightly wounded.
The gnoll hits you from afar with a +0 halberd.
The gnoll hits you with a +2 flail of holy wrath!
The gnoll closely misses you.
A kobold comes into view.
It is wielding a +0 dagger and quivering poisoned darts.
You hit the gnoll but do no damage.
The gnoll is lightly wounded.
The gnoll barely misses you. x2
The gnoll hits you from afar with a +0 halberd!
1876 ||| READING scroll of teleportation.
As you read the scroll of teleportation, it crumbles to dust.
You feel strangely unstable. The gnoll closely misses you.
The gnoll barely misses you.
The gnoll hits you from afar with a +0 halberd.
You slash the gnoll!
The gnoll is almost dead.
The gnoll completely misses you. The gnoll hits you but does no damage.
The gnoll barely misses you.
You barely miss the gnoll.
The gnoll is almost dead.
The gnoll hits you but does no damage.
The gnoll hits you with a +2 flail of holy wrath!
You die...

#...... #........
#....._.# #.....$..
....K. .gg. ###
#.#######.. #..
#g@.......# #.#
#.........# #.#
#.........# #.#
#.####.#..# #.# #.#
# .. #.# #.#
######.# #.#
#...##.# #.#
#...##.#
#.##########...##%#


You could see 3 gnolls and a kobold.

Vanquished Creatures
  4 adders (D:2)
  A worm (D:2)
  2 dart slugs (D:1)
  3 endoplasms (D:1)
  4 giant cockroaches
  2 goblins
  5 hobgoblins
  4 jackals (D:2)
  A quokka (D:1)
  3 ball pythons
  A bat (D:1)
  2 frilled lizards (D:2)
  4 kobolds
  7 rats
43 creatures vanquished.

Notes
Turn   | Place    | Note
-------+----------+-------------------------------------------
     0 | D:1      | qw the Gargoyle Fighter began the quest for the Orb.
     0 | D:1      | Reached XP level 1. HP: 14/14 MP: 1/1
     0 | D:1      | 0 ||| qw: Version: 0.2-a-103-g5a998e5
     0 | D:1      | 0 ||| qw: Game counter: 1069
     0 | D:1      | 0 ||| qw: Always use a shield: true
     0 | D:1      | 0 ||| qw: God list: Okawaru
     0 | D:1      | 0 ||| qw: Allow faded altars: false
     0 | D:1      | 0 ||| qw: Do Orc after D:15 true
     0 | D:1      | 0 ||| qw: Do second Lair branch before Depths: true
     0 | D:1      | 0 ||| qw: Lair rune preference: random
     0 | D:1      | 0 ||| qw: Plans: Normal, Zot:1-4, Slime:5, God:TSO, Crypt,
                  | Tomb, Pan, Hells, Abyss, Win
     0 | D:1      | 0 ||| PLANNING D:1-11
   184 | D:1      | Reached skill level 2 in Axes
   317 | D:1      | 317 ||| Stepping ~*~*~tactically~*~*~ (stealth).
   319 | D:1      | 319 ||| Stepping ~*~*~tactically~*~*~ (hiding).
   328 | D:1      | Reached XP level 2. HP: 19/19 MP: 2/2
   880 | D:1      | Reached skill level 3 in Axes
   880 | D:1      | 880 ||| FLEEEEING.
   881 | D:1      | 881 ||| FLEEEEING.
   883 | D:1      | 883 ||| Stepping ~*~*~tactically~*~*~ (hiding).
  1027 | D:1      | Reached XP level 3. HP: 23/23 MP: 3/3
  1252 | D:1      | 1252 ||| READING scroll labelled WIPSUB ZOOTZA.
  1256 | D:1      | 1256 ||| READING 2 scrolls labelled JOACOMUXI.
  1257 | D:1      | 1257 ||| DRINKING 2 fuming red potions.
  1258 | D:1      | 1258 ||| DROPPING potion of degeneration.
  1429 | D:2      | Reached XP level 4. HP: 28/28 MP: 4/4
  1449 | D:2      | Reached skill level 4 in Axes
  1559 | D:2      | Found Yckig's Jewellery Shoppe.
  1646 | D:2      | 1646 ||| SHOPLISTING +4 ring of protection (504 gold, have
                  | 75).
  1646 | D:2      | 1646 ||| SHOPLISTING +6 ring of dexterity (504 gold, have
                  | 75).
  1646 | D:2      | 1646 ||| SHOPLISTING Hermit's Pendant {Faith Invo=14 Evo=0
                  | MP+5} (805 gold, have 75).
  1646 | D:2      | 1646 ||| SHOPLISTING amulet of guardian spirit (420 gold,
                  | have 75).
  1646 | D:2      | 1646 ||| SHOPLISTING amulet of reflection (420 gold, have
                  | 75).
  1646 | D:2      | 1646 ||| SHOPLISTING amulet of regeneration (420 gold, have
                  | 75).
  1701 | D:2      | 1701 ||| UPGRADING to +0 pair of boots.
  1706 | D:2      | 1706 ||| DROPPING +6 ring of intelligence.
  1707 | D:2      | 1707 ||| READING 2 scrolls of identify.
  1707 | D:2      | 1707 ||| IDENTIFYING fizzy pink potion
  1708 | D:2      | 1708 ||| DROPPING potion of berserk rage.
  1868 | D:3      | Found a faded altar of an unknown god.
  1870 | D:3      | 1870 ||| Stepping ~*~*~tactically~*~*~ (hiding).
  1872 | D:3      | 1872 ||| Stepping ~*~*~tactically~*~*~ (hiding).
  1875 | D:3      | HP: 7/28 [gnoll/+0 halberd (9)]
  1876 | D:3      | 1876 ||| READING scroll of teleportation.
  1876 | D:3      | HP: 3/28 [gnoll/+0 halberd (4)]
  1878 | D:3      | Mangled by a gnoll

Levels and vault maps discovered:
D:1:      dpeg_arrival_tiny_c, layout_loops_corners, serial_forest,
          infiniplex_forest_clump_double, infiniplex_forest_3_way,
          infiniplex_forest_straight_2, infiniplex_forest_clump_C,
          infiniplex_forest_end_3, infiniplex_forest_lined_1,
          infiniplex_forest_lined_4_way, minmay_crystal_room
D:2:      layout_rooms, serial_shops, nicolae_shop_peninsula,
          roderic_st_hans_cross
D:3:      layout_basic, basic_ecumenical_altar, kennysheep_another_room

Skill      XL: |  1  2  3  4 |
---------------+-------------+-----
Axes           | 2 3 4 |  4.2
Fighting       | |  3.2
Armour         | |  3.2
Shields        | |  3.2

Action                     |  1- 3 |  4- 6 || total
---------------------------+-------+-------++-------
  Melee: War axe           |    79 |    25 ||   104
    Use: Scroll            |     2 |     2 ||     4
         Potion            |     1 |       ||     1
 Armour: Scale mail        |    40 |     6 ||    46
  Dodge: Dodged            |    34 |    13 ||    47
  Block: Buckler           |     7 |     2 ||     9

Table legend:
 A = Non-vault XP
 B = Vault XP
 C = Vault XP percentage of total XP
 D = Non-vault monster count
 E = Vault monster count
 F = Vault count percentage of total count
                 A         B        C        D         E       F
            +---------+---------+-------+---------+---------+-------
      Total |     124 |       0 |   0.0 |      43 |       0 |   0.0
            +---------+---------+-------+---------+---------+-------
        D:1 |      38 |       0 |   0.0 |      20 |       0 |   0.0
        D:2 |      82 |       0 |   0.0 |      20 |       0 |   0.0
        D:3 |       4 |       0 |   0.0 |       3 |       0 |   0.0
            +---------+---------+-------+---------+---------+-------
